 Dungeon Crawl Stone Soup version 0.16-a0-3272-g378764d (webtiles) character file.

14254 avis the Nimble (level 11, -2/54 HPs)
             Began as a Deep Elf Fire Elementalist on Jan 3, 2015.
             Was a Priest of Sif Muna.
             Slain by a komodo dragon (24 damage)
             ... on level 2 of the Lair of Beasts.
             The game lasted 02:02:13 (13223 turns).

avis the Nimble (Deep Elf Fire Elementalist)       Turns: 13223, Time: 02:02:13

Health: -2/54      AC:  8    Str:  9    XL:     11   Next: 86%
Magic:  19/34      EV: 21    Int: 24    God:    Sif Muna [***...]
Gold:   108        SH:  0    Dex: 15    Spells: 5 memorised, 20 levels left

rFire  + + .     SeeInvis .     b - +11 shortbow of Shacveala {venom, rF+ rC+ MR++ Dex-3 Stlth-}
rCold  . . .     Clarity  .     m - +2 robe {Archmagi}
rNeg   . . .     SustAb   .     (no shield)
rPois  .         Gourm    +     g - +0 helmet
rElec  .         Spirit   .     e - +0 cloak
rCorr  .         Warding  .     C - +0 pair of gloves {Dex+3}
rMut   .         Stasis   .     X - +0 pair of boots
MR     +++..                    v - amulet of the gourmand
Stlth  +.........               O - +4 ring of strength
                                J - ring of fire

@: extremely resistant to hostile enchantments, very unstealthy
A: no striking features
a: Channel Energy, Forget Spell, Renounce Religion


You were on level 2 of the Lair of Beasts.
You worshipped Sif Muna.
Sif Muna was most pleased with you.
You were completely stuffed.

You visited 3 branches of the dungeon, and saw 12 of its levels.

You collected 598 gold pieces.
You spent 490 gold pieces at shops.

Inventory:

Hand weapons
 a - a +3 quarterstaff of chaos
 b - the +11 shortbow of Shacveala (weapon) {venom, rF+ rC+ MR++ Dex-3 Stlth-}
   (You found it on level 1 of the Lair of Beasts)

   It poisons the ammo it fires.
   It affects your dexterity (-3).
   It protects you from fire.
   It protects you from cold.
   It affects your resistance to hostile enchantments.
   It makes you less stealthy.
 q - a +4 falchion
 s - a cursed -3 lajatang
Missiles
 f - 89 arrows (quivered)
 u - 7 tomahawks
Armour
 e - a +0 cloak (worn)
 g - a +0 helmet (worn)
 m - a +2 robe of the Archmagi (worn)
 C - a +0 pair of gloves of dexterity (worn)
 X - a +0 pair of boots (worn)
Jewellery
 l - an uncursed ring of see invisible
 t - an uncursed ring of protection from cold
 v - an amulet of the gourmand (around neck)
 J - a ring of fire (left hand)
 O - a +4 ring of strength (right hand)
Magical devices
 T - a wand of heal wounds (5)
Scrolls
 i - a scroll of amnesia {unknown}
 n - a scroll of identify
 o - a scroll of vulnerability {unknown}
 r - a scroll of acquirement {unknown}
 x - 2 scrolls of remove curse
 H - 3 scrolls of teleportation
 L - 3 scrolls of blinking
Potions
 d - a potion of curing
 p - 2 potions of brilliance
Comestibles
 c - 6 bread rations
 h - 2 royal jellies
 j - 4 meat rations
 k - 4 chunks of flesh
 w - 3 beef jerkies
 E - 2 slices of pizza


   Skills:
 * Level 13.3 Dodging
 - Level 2.4 Stealth
 - Level 13.0 Spellcasting
 - Level 5.5 Conjurations
 - Level 5.4 Fire Magic
 - Level 11.0 Invocations


You had 20 spell levels left.
You knew the following spells:

 Your Spells              Type           Power        Failure   Level  Hunger
a - Flame Tongue          Conj/Fire      #####        1%          1    None
c - Conjure Flame         Conj/Fire      #######.     1%          3    None
f - Fireball              Conj/Fire      #######...   14%         5    ###....
i - Inner Flame           Hex/Fire       ######..     3%          3    None
k - Sticky Flame          Conj/Fire      #######.     4%          4    None


Dungeon Overview and Level Annotations

Branches:
Dungeon (9/15)             Temple (1/1) D:7            Lair (2/8) D:8
    Orc (0/4) D:9

Altars:
Ashenzari
Cheibriados
Dithmenos
Elyvilon
Fedhas
Gozag
Kikubaaqudgha
Makhleb
Nemelex Xobeh
Okawaru
Qazlal
Ru
Sif Muna
Trog
Vehumet Wulndraste
Xom
Yredelemnul
Zin
The Shining One
Beogh
Lugonu

Shops:
D:4 *   D:6 [


Message History

The komodo dragon is engulfed in a cloud of scalding steam.
The komodo dragon misses you.
Casting: Sticky Flame
Confirm with . or Enter, or press ? or * to list all spells.
Aiming: Sticky Flame
Press: ? - help, Shift-Dir - straight line, f/p - komodo dragon
Aim: a komodo dragon (lightly wounded)
You feel a strong surge of power!
The sticky flame hits the komodo dragon.
The komodo dragon is moderately wounded.
The komodo dragon is covered in liquid flames!
The komodo dragon burns!
The komodo dragon misses you.
Firing (i - inventory. (,) - cycle):
f - 90 arrows (quivered)
Press: ? - help, Shift-Dir - straight line, f/p - komodo dragon
Aim: a komodo dragon (heavily wounded, covered in liquid flames)
You shoot an arrow. The arrow hits the komodo dragon!
The komodo dragon is poisoned.
The komodo dragon is heavily wounded.
The komodo dragon burns!
The komodo dragon bites you!!
You die...

........##........P..##..........
......P..........................
.......#..####.##......P.........
.......##....########.###...<....
......##......##$(%.####.).......
......#.P###...##≈....(##.P......
......#.........#≈≈(.≈≈≈#........
.###..##....÷...##(..≈###..#.P##.
.# ##..###.#....@l..≈≈##...#.##.#
## #..##...##.##.#...##P.P#######
#...#####..####.###....#
#...........P.###..P..##
#####..P..........P..P.#
#P..P#.......P.PP.##
##..##>..........##
##..#.......P..##
#..#.......#..##


You could see a komodo dragon (burning).

Vanquished Creatures
  Erica (Lair:1)
  Nergalle (Lair:1)
  Joseph (Lair:1)
  3 spiny frogs
  2 fire drakes
  7 komodo dragons
  2 basilisks
  5 blink frogs (Lair:2)
  2 hippogriffs (Lair:2)
  11 yaks
  2 water moccasins (Lair:2)
  Menkaure (D:7)
  3 porcupines
  3 orc warriors
  5 centaurs
  2 black bears
  2 phantoms
  A necrophage (D:7)
  2 ice beasts
  2 sky beasts (D:8)
  5 crocodiles
  5 ogres
  2 big kobolds (D:8)
  Blork the orc (D:7)
  8 giant frogs
  3 killer bees (D:8)
  A scorpion (D:8)
  10 wights (D:9)
  3 goliath beetles
  5 crimson imps
  2 giant frog zombies
  A quasit (D:9)
  6 hounds
  9 orc priests
  Crazy Yiuf (D:3)
  2 giant frog skeletons
  3 jellies
  11 orc wizards
  8 worker ants
  9 iguanas
  Ijyb (D:2)
  A worker ant zombie (D:5)
  Robin (D:3)
  15 adders
  7 river rats (Lair:1)
  3 shadow imps
  3 giant mites
  3 worms
  2 adder zombies
  5 giant geckos
  An ooze (D:2)
  33 orcs
  21 bats
  2 bat skeletons (D:6)
  15 hobgoblins
  6 jackals
  4 quokkas
  2 ball pythons
  7 giant cockroaches
  A giant cockroach zombie (D:5)
  8 giant newts
  22 goblins
  A jackal skeleton (D:5)
  26 kobolds
  A quokka zombie (D:9)
  9 rats
  3 plants
356 creatures vanquished.

Notes
Turn   | Place    | Note
--------------------------------------------------------------
     0 | D:1      | avis, the Deep Elf Fire Elementalist, began the quest for the Orb.
     0 | D:1      | Reached XP level 1. HP: 10/10 MP: 5/5
   121 | D:1      | Reached XP level 2. HP: 1/15 MP: 0/8
  1415 | D:2      | Reached XP level 3. HP: 17/19 MP: 8/10
  1436 | D:1      | Learned a level 3 spell: Conjure Flame
  1440 | D:1      | Learned a level 3 spell: Inner Flame
  1954 | D:2      | Reached skill level 4 in Fire Magic
  1954 | D:2      | Reached XP level 4. HP: 21/24 MP: 10/13
  2357 | D:3      | Noticed Ijyb
  2384 | D:2      | Killed Ijyb
  2635 | D:3      | Reached XP level 5. HP: 28/28 MP: 9/16
  2995 | D:3      | Noticed Robin
  3181 | D:3      | Reached skill level 5 in Conjurations
  3261 | D:3      | Killed Robin
  3582 | D:3      | Noticed Crazy Yiuf
  3590 | D:3      | Killed Crazy Yiuf
  3590 | D:3      | Reached skill level 5 in Fire Magic
  3703 | D:4      | Got a smoking bronze amulet
  3706 | D:4      | Identified the amulet "Etahibaph" {rCorr Str+2 Int-4} (You found it on level 4 of the Dungeon)
  3708 | D:4      | Found a deep blue altar of Sif Muna.
  3712 | D:4      | Found a basalt altar of Yredelemnul.
  3717 | D:4      | Found an iron altar of Okawaru.
  3723 | D:4      | Found a bloodstained altar of Trog.
  3723 | D:4      | Found a glowing silver altar of Zin.
  3724 | D:4      | Found a shimmering altar of Xom.
  3724 | D:4      | Found a flag-altar of Wulndraste.
  3726 | D:4      | Found an ancient bone altar of Kikubaaqudgha.
  3727 | D:4      | Found a shattered altar of Ashenzari.
  3736 | D:4      | Found a sparkling altar of Nemelex Xobeh.
  3737 | D:4      | Found a shadowy altar of Dithmenos.
  3764 | D:4      | Became a worshipper of Sif Muna the Loreminder
  3782 | D:4      | Reached XP level 6. HP: 26/32 MP: 11/18
  3963 | D:4      | Learned a level 4 spell: Sticky Flame
  3972 | D:4      | Found a stormy altar of Qazlal.
  4002 | D:4      | Found a blossoming altar of Fedhas.
  4294 | D:4      | Found Arphiwal's Elemental Accessories.
  4356 | D:4      | Reached skill level 5 in Spellcasting
  4614 | D:5      | Entered Level 5 of the Dungeon
  4913 | D:5      | Reached skill level 6 in Spellcasting
  4913 | D:5      | Reached XP level 7. HP: 36/36 MP: 12/24
  4920 | D:5      | Learned a level 5 spell: Fireball
  5236 | D:5      | Acquired Sif Muna's first power
  5236 | D:5      | Reached skill level 7 in Spellcasting
  5669 | D:5      | Reached skill level 8 in Spellcasting
  5930 | D:6      | Reached skill level 9 in Spellcasting
  6186 | D:6      | Noticed a yak
  6187 | D:6      | Noticed a yak
  6187 | D:6      | Noticed a yak
  6188 | D:6      | Noticed a yak
  6189 | D:6      | Noticed a yak
  6191 | D:6      | Noticed a yak
  6192 | D:6      | Killed a yak
  6192 | D:6      | Reached skill level 10 in Spellcasting
  6192 | D:6      | Reached XP level 8. HP: 41/41 MP: 18/29
  6194 | D:6      | Killed a yak
  6194 | D:6      | Acquired Sif Muna's second power
  6194 | D:6      | Killed a yak
  6194 | D:6      | Reached skill level 11 in Spellcasting
  6195 | D:6      | Killed a yak
  6197 | D:6      | Killed a yak
  6197 | D:6      | Reached skill level 12 in Spellcasting
  6207 | D:6      | Killed a yak
  6251 | D:6      | Reached skill level 13 in Spellcasting
  6251 | D:6      | Reached XP level 9. HP: 39/45 MP: 21/32
  6498 | D:6      | Found Quadal's Armour Emporium.
  6543 | D:6      | Reached skill level 1 in Invocations
  7426 | D:7      | Noticed Blork the orc
  7433 | D:7      | Killed Blork the orc
  7528 | D:7      | Reached skill level 5 in Invocations
  7660 | D:7      | Noticed Menkaure
  7709 | D:7      | Killed Menkaure
  7915 | D:7      | Found a staircase to the Ecumenical Temple.
  7934 | Temple   | Entered the Ecumenical Temple
  8278 | D:8      | Found a staircase to the Lair.
  8821 | D:8      | Reached XP level 10. HP: 50/50 MP: 20/33
  8971 | Lair:1   | Entered Level 1 of the Lair of Beasts
  9116 | Lair:1   | Noticed Nergalle
  9121 | Lair:1   | Killed Nergalle
  9121 | Lair:1   | Reached skill level 10 in Invocations
  9303 | Lair:1   | Got a jewelled shortbow
  9483 | Lair:1   | Noticed Erica
  9490 | Lair:1   | Killed Erica
  9490 | Lair:1   | Reached skill level 5 in Dodging
  9946 | Lair:1   | Noticed Joseph
  9952 | Lair:1   | Killed Joseph
 10314 | Lair:1   | Identified the +11 shortbow of Shacveala {venom, rF+ rC+ MR++ Dex-3 Stlth-} (You found it on level 1 of the Lair of Beasts)
 10397 | D:8      | Reached XP level 11. HP: 19/54 MP: 30/34
 11339 | D:9      | Found a staircase to the Orcish Mines.
 11555 | D:9      | Found a roughly hewn altar of Beogh.
 11679 | D:9      | Reached skill level 10 in Dodging
 12024 | D:6      | Bought a +2 robe of the Archmagi for 490 gold pieces
 13223 | Lair:2   | Slain by a komodo dragon

Action                   |  1- 3 |  4- 6 |  7- 9 | 10-12 || total
-------------------------+-------+-------+-------+-------++-------
Melee: Unarmed           |     1 |       |       |       ||     1
       Hand axe          |     2 |       |       |       ||     2
       Spear             |       |    27 |       |       ||    27
       Quarterstaff      |       |     9 |    88 |    83 ||   180
 Fire: Shortbow          |       |       |       |    92 ||    92
 Cast: Flame Tongue      |    65 |   122 |   189 |    85 ||   461
       Conjure Flame     |       |    10 |    20 |    13 ||    43
       Inner Flame       |       |     4 |     7 |     5 ||    16
       Sticky Flame      |       |     5 |    14 |    39 ||    58
       Fireball          |       |       |    24 |    44 ||    68
Invok: Channel Energy    |       |       |   141 |   145 ||   286
  Use: Scroll            |       |     1 |     6 |     7 ||    14
       Potion            |       |       |       |     2 ||     2
 Stab: Paralysed         |       |       |     3 |       ||     3
  Eat: Chunk             |     8 |    17 |    35 |    41 ||   101
       Pizza             |       |       |     1 |       ||     1
